 Dungeon Crawl Stone Soup version 0.22.1-1-ga44c0e5 (webtiles) character file.

66996 Fang the Severer (level 15, -3/145 HPs)
             Began as a Gargoyle Berserker on Oct 25, 2018.
             Was a High Priest of Trog.
             Slain by an orc warlord
             ... wielding a +5 broad axe of chopping
              (13 damage)
             ... on level 2 of the Orcish Mines.
             The game lasted 00:32:40 (22977 turns).

Fang the Severer (Gargoyle Berserker)              Turns: 22977, Time: 00:32:41

Health: -3/145     AC: 29    Str: 40 (41) XL:     15   Next: 21%
Magic:  8/8        EV: 14    Int: 13      God:    Trog [*****.]
Gold:   2190       SH:  0    Dex:  9      Spells: 14/14 levels left

rFire    + + .     SeeInvis .   q - +5 executioner's axe (antimagic)
rCold    + + .     Gourm    .   (shield currently unavailable)
rNeg     + . .     Faith    .   A - +4 chain mail of the Frog {+Blink rF+ Int+5}
rPois    ∞         Spirit   .   O - +2 hat
rElec    +         Reflect  .   l - scarf {rC+ rF+}
rCorr    .         Harm     .   (no gloves)
MR       +....                  (no boots)
Stlth    ..........             (no amulet)
HPRegen  0.34/turn              J - +4 ring of strength
MPRegen  0.11/turn              v - ring of the Heavens {Wiz *Corrode MP+9 Str+5}

@: berserking, flying, very quick
A: big wings, repulsion field 1, cold resistance 1, deterioration 1, negative
energy resistance 1, electricity resistance, unbreathing, petrification
resistance, rot immunity, AC +11
a: Stop Flying, Berserk, Trog's Hand, Brothers in Arms, Renounce Religion, Evoke
Blink


You were on level 2 of the Orcish Mines.
You worshipped Trog.
Trog was extremely pleased with you.
You were very hungry.

You visited 4 branches of the dungeon, and saw 22 of its levels.
You also visited: Sewer and Ossuary.

You collected 2190 gold pieces.

Inventory:

Hand Weapons
 b - a +5 war axe of flaming
 q - a +5 antimagic executioner's axe (weapon)
Armour
 e - the +0 leather armour of the Catfish {rF++ rN+}
   (You found it on level 8 of the Dungeon)

   It greatly protects you from fire.
   It protects you from negative energy.
 l - a scarf of resistance (worn)
 s - a +3 plate armour
 A - the +4 chain mail of the Frog (worn) {+Blink rF+ Int+5}
   (You found it on level 9 of the Dungeon)

   It affects your intelligence (+5).
   It protects you from fire.
   It lets you blink.
 O - a +2 hat (worn)
Jewellery
 u - an uncursed ring of protection from magic
 v - the ring of the Heavens (right hand) {Wiz *Corrode MP+9 Str+5}
   (You found it on level 5 of the Dungeon)

   [ring of wizardry]

   It improves your spell success rate.
   It affects your strength (+5).
   It affects your magic capacity (+9).
   It may corrode you when you take damage.
 J - a +4 ring of strength (left hand)
 M - an uncursed ring of stealth
Wands
 g - a wand of clouds (5)
 o - a wand of acid (7)
 y - a wand of random effects (66)
 B - a wand of enslavement (12)
 D - a wand of paralysis (11)
 G - a wand of flame (25)
Scrolls
 a - 5 scrolls of blinking
 d - 13 scrolls of remove curse
 j - 4 scrolls of teleportation
 m - 2 scrolls of brand weapon
 C - a scroll of summoning
 H - 2 scrolls of fog
 I - 9 scrolls of identify
 L - a scroll of fear
Potions
 f - 8 potions of curing
 h - 4 potions of brilliance
 i - 2 potions of resistance
 k - 3 potions of heal wounds
 n - 3 potions of invisibility
 p - 2 potions of lignification
 r - 5 potions of might
 w - a potion of ambrosia
 x - a potion of agility
 z - 4 potions of berserk rage
Comestibles
 c - 33 rations


   Skills:
 + Level 12.8 Fighting
 + Level 17.2 Axes
 + Level 12.7 Armour
 + Level 5.8 Dodging
 + Level 3.4 Stealth


You had 14 spell levels left.
You didn't know any spells.
Your spell library was empty.

Dungeon Overview and Level Annotations

Branches:
Dungeon (13/15)            Temple (1/1) D:6            Lair (6/6) D:9
 Shoals (0/4) Lair:4       Spider (0/4) Lair:3        Slime (0/5) Lair:5
    Orc (2/2) D:10            Elf (0/3) Orc:2        Vaults (0/5) D:13

Altars:
Ashenzari
Dithmenos
Hepliaklqana
Kikubaaqudgha
Nemelex Xobeh
Okawaru
Qazlal
Ru
Uskayaw
Vehumet
Xom
The Shining One

Shops:
D:6 [   D:7 !   D:9 =   D:13 [   Orc:2 *[(

Annotations:
Orc:1 1 runed door, buriedalive's ghost, journeyman DEFE


Innate Abilities, Weirdness & Mutations

You are resistant to torment.
Your stone body is resilient. (AC +11)
You are immune to poison.
Your large and strong wings let you fly indefinitely.
You resist negative energy. (rN+)
You are resistant to electric shocks. (rElec)
You can survive without breathing.
You are immune to petrification.
You are immune to rotting.
You are surrounded by a mild repulsion field. (EV +2)
Your flesh is cold resistant. (rC+)
Your body sometimes deteriorates upon taking damage.


Message History

Unknown command.
You are too injured to fight recklessly!
You carve the orc warlord like a ham!!!
The orc warlord is heavily wounded.
You closely miss the orc warrior.
You hit the orc knight but do no damage.
Your chain mail of the Frog prevents you from hitting the orc knight.
You slash the orc knight!
The orc knight hits you but does no damage.
The orc knight hits you with an enchanted great sword!!!
* * * LOW HITPOINT WARNING * * *
You slice the orc warlord!!
The orc warlord is severely wounded.
You closely miss the orc warrior. You slash the orc knight!
You hit the orc warrior. You closely miss the orc knight.
You slice the orc knight!!
The orc knight hits you with a battleaxe!
* * * LOW HITPOINT WARNING * * *
The orc warlord hits you with a broad axe of chopping!
You die...

##................ .#
#.......#......... ..#
##......#........ ....
##...............
.....##....##.#........
.....#....## .....
......$...###.....
......o.....## ..
..#..oo@o....#
...##.oooO..##
#....P.oP...#
............#
#......o8.....
##........P....
#.P...∩....P..
#..........P$.


You could see an orc warlord, 3 orc knights, an orc sorcerer, 4 orc warriors and
an ogre.

Vanquished Creatures
  Snorg (Orc:1)
  A fire dragon (Lair:6)
  Harold (D:7)
  6 hydras
  A vault guard (D:13)
  A catoblepas (D:13)
  A queen ant (D:8)
  3 centaur warriors (D:13)
  A tengu warrior (D:13)
  2 two-headed ogres
  3 death yaks (Lair:6)
  2 orc high priests (Orc:2)
  3 wizards
  An unseen horror (D:10)
  A swamp dragon (Lair:6)
  2 deep elf magi
  A necromancer (D:13)
  An orc knight (Orc:2)
  2 ugly things
  A wolf spider (Lair:6)
  3 orc sorcerers (Orc:2)
  4 cyclopes
  A salamander (shapeshifter) (D:13)
  2 centaur zombies (D:13)
  5 black mambas
  6 elephants (Lair:5)
  Joseph (D:8)
  A guardian serpent (Lair:6)
  Psyche (D:10)
  A rime drake (Lair:6)
  17 spiny frogs
  A yaktaur (D:13)
  7 komodo dragons
  A merfolk (D:10)
  5 hornets
  4 blink frogs (Lair:1)
  10 dream sheep (Lair:6)
  8 hippogriffs
  5 redbacks (Lair:6)
  A vampire (D:12)
  12 yaks
  2 hungry ghosts
  Eustachio (D:5)
  10 wyverns
  A steam dragon (Lair:6)
  19 humans (D:13)
  3 basilisks
  A warg (Orc:2)
  An acid dragon (Lair:6)
  23 water moccasins
  7 soldier ants
  6 porcupines
  A sky beast (D:10)
  3 swamp drakes (Lair:6)
  21 orc warriors
  Duvessa (D:7)
  Purgy (Sewer)
  3 ice beasts
  2 black bears
  5 ogres
  An eye of draining (D:12)
  3 phantoms
  4 necrophages (Lair:4)
  10 wolves
  17 centaurs
  12 crocodiles
  10 bullfrogs
  Dowan (D:7)
  5 scorpions
  3 water moccasin zombies
  A wyvern skeleton (D:13)
  13 killer bees
  11 wights
  5 howler monkeys
  2 electric eels (Lair:1)
  6 jellies
  7 crimson imps
  3 bullfrog zombies
  A bullfrog skeleton (D:8)
  4 centaur skeletons
  7 orc priests
  6 hounds
  Jessica (D:2)
  10 orc wizards
  6 iguanas
  19 worker ants
  2 big kobold zombies (Ossuary)
  A hound zombie (D:8)
  A hound skeleton (D:5)
  2 mummies (Ossuary)
  11 gnolls
  A howler monkey skeleton (D:4)
  14 adders
  6 shadow imps
  An ooze (D:1)
  2 adder skeletons
  5 adder zombies (Ossuary)
  3 worms
  11 dart slugs
  9 leopard geckos
  71 orcs
  5 bats
  8 giant cockroaches
  2 gnoll zombies (Ossuary)
  5 goblins
  5 hobgoblins
  10 jackals
  10 quokkas
  A ball python (D:5)
  4 frilled lizards
  5 hobgoblin zombies (Ossuary)
  11 kobolds
  4 kobold zombies (Ossuary)
  A leopard gecko skeleton (D:4)
  5 orc zombies (Ossuary)
  7 rats
  5 fungi
  5 plants
643 creatures vanquished.

Vanquished Creatures (collateral kills)
  A hydra (D:11)
  A two-headed ogre (D:13)
  An orc knight (D:13)
  A cyclops (D:13)
  A centaur zombie (D:13)
  A spiny frog (Lair:6)
  14 soldier ants (D:8)
  A big kobold (D:8)
  8 worker ants (D:8)
  An adder (D:8)
  An orc (D:13)
  2 kobolds (D:8)
33 creatures vanquished.

Vanquished Creatures (others)
  14 fungi
  31 plants (Lair:6)
45 creatures vanquished.

Grand Total: 721 creatures vanquished

Notes
Turn   | Place    | Note
-------+----------+-------------------------------------------
     0 | D:1      | Fang the Gargoyle Berserker began the quest for the Orb.
     0 | D:1      | Reached XP level 1. HP: 14/14 MP: 1/1
   129 | D:1      | Reached XP level 2. HP: 12/19 MP: 2/2
   296 | D:1      | Reached skill level 3 in Axes
   559 | D:1      | Reached XP level 3. HP: 20/23 MP: 3/3
  1374 | D:2      | Found a sacrificial altar of Ru.
  1377 | D:2      | Found an ancient bone altar of Kikubaaqudgha.
  1402 | D:2      | Found a shattered altar of Ashenzari.
  1454 | D:2      | Noticed a centaur
  1470 | D:2      | Reached XP level 4. HP: 24/29 MP: 4/4
  1471 | D:2      | Found an iron altar of Okawaru.
  1471 | D:2      | Found a transporter.
  1482 | D:2      | Found a transporter.
  1534 | D:2      | Reached ** piety under Trog
  1711 | D:2      | Found a shimmering altar of Xom.
  1712 | D:2      | Found a hazy altar of Hepliaklqana.
  1712 | D:2      | Noticed an earth elemental
  1713 | D:2      | Noticed an earth elemental
  1713 | D:2      | Noticed a spectral ugly thing
  1937 | D:2      | Noticed Jessica
  1949 | D:2      | Killed Jessica
  1949 | D:2      | Reached skill level 4 in Axes
  1967 | D:2      | Reached skill level 1 in Stealth
  1967 | D:2      | Reached XP level 5. HP: 31/33 MP: 5/5
  2118 | D:2      | Killed a centaur
  2544 | D:3      | Found a hide-covered altar of Uskayaw.
  2615 | D:3      | Found a glowing drain.
  2637 | Sewer    | Entered a sewer
  2684 | Sewer    | Noticed Purgy
  2694 | Sewer    | Killed Purgy
  2694 | Sewer    | Reached skill level 5 in Axes
  2694 | Sewer    | Reached XP level 6. HP: 39/39 MP: 6/6
  3605 | D:4      | Found a stormy altar of Qazlal.
  3680 | D:4      | Reached XP level 7. HP: 30/44 MP: 7/7
  3833 | D:4      | Reached *** piety under Trog
  3974 | D:4      | Reached skill level 6 in Axes
  4128 | D:4      | Found a glowing golden altar of the Shining One.
  4306 | D:5      | Entered Level 5 of the Dungeon
  4321 | D:5      | Reached skill level 5 in Fighting
  4539 | D:5      | Reached XP level 8. HP: 46/49 MP: 8/8
  4585 | D:5      | Reached skill level 7 in Axes
  4711 | D:5      | Got an ancient tin ring
  4726 | D:5      | Identified the ring of the Heavens {Wiz *Corrode MP+9
                  | Str+5} (You found it on level 5 of the Dungeon)
  4779 | D:5      | Noticed Eustachio
  4801 | D:5      | Reached **** piety under Trog
  4812 | D:5      | Killed Eustachio
  5522 | D:6      | Reached skill level 8 in Axes
  5596 | D:6      | Reached XP level 9. HP: 42/55 MP: 9/9
  5798 | D:6      | Found a staircase to the Ecumenical Temple.
  5828 | Temple   | Entered the Ecumenical Temple
  6050 | D:6      | Found Toogol's Antique Armour Shop.
  6063 | D:6      | Gained mutation: Your body sometimes deteriorates upon
                  | taking damage. [potion of mutation]
  6063 | D:6      | Gained mutation: Your flesh is cold resistant. (rC+)
                  | [potion of mutation]
  6063 | D:6      | Gained mutation: You are surrounded by a mild repulsion
                  | field. (EV +2) [potion of mutation]
  6063 | D:6      | Gained mutation: Your large and strong wings let you fly
                  | indefinitely. [potion of mutation]
  6351 | D:7      | Noticed Dowan
  6351 | D:7      | Noticed Duvessa
  6367 | D:7      | Killed Duvessa
  6367 | D:7      | Reached skill level 5 in Armour
  6369 | D:7      | Killed Dowan
  6797 | D:7      | Found Dypod's Distillery.
  6797 | D:7      | Noticed Harold
  6817 | D:7      | Killed Harold
  6817 | D:7      | Reached skill level 9 in Axes
  7240 | D:7      | Found a glowing golden altar of the Shining One.
  7380 | D:7      | Found a shadowy altar of Dithmenos.
  7380 | D:7      | Found a sparkling altar of Nemelex Xobeh.
  7381 | D:7      | Found a radiant altar of Vehumet.
  7801 | D:8      | Got a heavily runed leather armour
  7812 | D:8      | Identified the cursed +0 leather armour of the Catfish
                  | {rF++ rN+} (You found it on level 8 of the Dungeon)
  7823 | D:8      | Noticed Joseph
  7834 | D:8      | Killed Joseph
  7834 | D:8      | Reached XP level 10. HP: 49/63 MP: 10/10
  7971 | D:8      | Reached skill level 10 in Axes
  8169 | D:8      | Found a sand-covered staircase.
  8175 | Ossuary  | Entered an ossuary
  8245 | Ossuary  | Reached ***** piety under Trog
  8468 | D:8      | Reached skill level 11 in Axes
  8622 | D:8      | Noticed a queen ant
  8631 | D:8      | Killed a queen ant
  8812 | D:8      | Reached XP level 11. HP: 65/68 MP: 11/11
  9115 | D:9      | Reached skill level 12 in Axes
  9398 | D:9      | Received a gift from Trog
  9588 | D:9      | Got a distressingly furry chain mail
  9599 | D:9      | Identified the +4 chain mail of the Frog {+Blink rF+ Int+5}
                  | (You found it on level 9 of the Dungeon)
  9621 | D:9      | Found a staircase to the Lair.
  9712 | D:9      | Noticed a two-headed ogre
  9726 | D:9      | Killed a two-headed ogre
  9936 | D:9      | Found Rubysecy's Jewellery Shop.
 10107 | D:10     | Entered Level 10 of the Dungeon
 10378 | D:10     | Found a staircase to the Orcish Mines.
 10501 | D:10     | Noticed a two-headed ogre
 10509 | D:10     | Killed a two-headed ogre
 11446 | D:10     | Noticed Psyche
 11454 | D:10     | Killed Psyche
 11695 | D:10     | Killed an unseen horror
 12052 | D:11     | Noticed a brown ugly thing
 12059 | D:11     | Killed a brown ugly thing
 12450 | D:11     | Noticed a four-headed hydra
 12457 | D:11     | Killed a four-headed hydra
 12526 | D:11     | Reached XP level 12. HP: 73/76 MP: 12/12
 12832 | Lair:1   | Entered Level 1 of the Lair of Beasts
 12839 | Lair:1   | Reached skill level 13 in Axes
 13523 | Lair:1   | You are sucked into a shaft!
 13824 | Lair:2   | Noticed a six-headed hydra
 13833 | Lair:2   | Killed a four-headed hydra
 13940 | Lair:2   | Received a gift from Trog
 13992 | Lair:2   | Reached skill level 10 in Armour
 14027 | Lair:2   | Noticed a four-headed hydra
 14034 | Lair:2   | Killed a one-headed hydra
 14034 | Lair:2   | Reached skill level 10 in Fighting
 14660 | Lair:3   | Found a hole to the Spider Nest.
 14746 | Lair:3   | Reached skill level 5 in Dodging
 14884 | Lair:3   | You are sucked into a shaft!
 14884 | Lair:4   | Found a staircase to the Shoals.
 15059 | Lair:4   | Identified the Handbook of Envenoming and Translocation
 15198 | Lair:4   | Reached skill level 14 in Axes
 15238 | Lair:4   | Noticed a four-headed hydra
 15244 | Lair:4   | Killed a one-headed hydra
 15769 | Lair:5   | Found a staircase to the Slime Pits.
 15807 | Lair:5   | Found a labyrinth entrance.
 15930 | Lair:5   | Reached XP level 13. HP: 50/83 MP: 13/13
 16830 | Lair:6   | Entered Level 6 of the Lair of Beasts
 17257 | Lair:6   | Reached skill level 15 in Axes
 17651 | Lair:6   | Received a gift from Trog
 18162 | Lair:6   | Mutation became permanent: Your large and strong wings let
                  | you fly indefinitely. [Gargoyle growth]
 18162 | Lair:6   | Gained mutation: Your large and strong wings let you fly
                  | indefinitely. [Gargoyle growth]
 18162 | Lair:6   | Reached XP level 14. HP: 79/90 MP: 14/14
 19969 | D:12     | Reached skill level 16 in Axes
 20264 | D:13     | Received a gift from Trog
 20792 | D:13     | Found Benlash's Antique Armour Emporium.
 21951 | D:13     | Found a gate to the Vaults.
 21964 | D:13     | Reached XP level 15. HP: 97/97 MP: 8/15
 22164 | Orc:1    | Entered Level 1 of the Orcish Mines
 22191 | Orc:1    | Found a runed door.
 22200 | Orc:1    | Noticed buriedalive's ghost (journeyman DEFE)
 22311 | Orc:1    | Noticed Snorg
 22322 | Orc:1    | Killed Snorg
 22530 | Orc:2    | Entered Level 2 of the Orcish Mines
 22572 | Orc:2    | Reached skill level 17 in Axes
 22592 | Orc:2    | Found Gudgh's Antique Armour Boutique.
 22759 | Orc:2    | Found Ximp's Antique Weapon Shop.
 22943 | Orc:2    | Found a staircase to the Elven Halls.
 22968 | Orc:2    | Noticed an orc warlord
 22969 | Orc:2    | Found Estrast's General Store.
 22977 | Orc:2    | Slain by an orc warlord

Skill      XL: |  1  2  3  4  5  6  7  8  9 10 11 12 13 14 15 |
---------------+----------------------------------------------+-----
Axes           | 3 4 5 6 8 9 11 12 14 15 16 17 | 17.2
Dodging        | 2 3 4 5 |  5.8
Stealth        | 1 2 3 |  3.4
Fighting       | 4 5 6 7 8 9 10 11 12 | 12.8
Armour         | 3 4 6 8 10 11 12 | 12.7

Action                   |  1- 3 |  4- 6 |  7- 9 | 10-12 | 13-15 || total
-------------------------+-------+-------+-------+-------+-------++-------
Melee: Hand axe          |   141 |   141 |   314 |       |       ||   596
       War axe           |       |       |   124 |   645 |   539 ||  1308
       Executioner's axe |       |       |       |       |   221 ||   221
Invok: Berserk           |       |     2 |     7 |     6 |    12 ||    27
       Brothers in Arms  |       |       |       |     6 |     3 ||     9
 Abil: Fly               |       |       |     1 |       |       ||     1
  Use: Scroll            |       |     6 |    14 |    12 |     4 ||    36
       Potion            |       |       |     1 |     2 |       ||     3
 Stab: Sleeping          |     1 |     1 |       |     2 |       ||     4
  Eat: Chunk             |     2 |     9 |    20 |    27 |    32 ||    90
       Ration            |       |       |       |     2 |     1 ||     3
Armor: Animal skin       |    45 |    40 |       |       |       ||    85
       Plate armour      |       |    51 |   342 |       |       ||   393
       Leather armour    |       |       |       |    85 |       ||    85
       Chain mail        |       |       |       |   373 |   480 ||   853
Dodge: Dodged            |   104 |   107 |   208 |   454 |   485 ||  1358
